Map: Divergence LE

Players

Wigen

  • Race: Protoss Protoss
  • League: Gold
  • Spawn Location: 11:00

Quickz

  • Race: Terran Terran
  • League: Platinum
  • Spawn Location: 11:00

Massa - Winner!

  • Race: Terran Terran
  • League: Gold
  • Spawn Location: 5:00

qqq - Winner!

  • Race: Protoss Protoss
  • League: Platinum
  • Spawn Location: 5:00

VOD

Have the link to the VOD?

Description

Time

  • Played on: June 6, 2020, 3 p.m.
  • Length: 6:26
Show
View Real Time Build Order
Export as new Build Order

Wigen Protoss 

Build Orders:  

Get SALT Encoding   

  12  0:01  Probe  
  13  0:17  Pylon  
  13  0:18  Probe (Chrono Boost)  
  14  0:30  Probe (Chrono Boost)  
  15  0:36  Probe (Chrono Boost)  
  15  0:42  Gateway  
  16  0:44  Probe  
  17  0:58  Probe, Assimilator  
  18  1:10  Probe  
  19  1:22  Probe, Gateway  
  20  1:29  Pylon  
  20  1:34  Probe  
  21  1:46  Probe  
  22  1:47  Cybernetics Core  
  22  1:51  Zealot (Chrono Boost)  
  24  1:58  Probe  
  25  2:01  Pylon  
  25  2:11  Probe  
  26  2:18  Warp Gate (Chrono Boost)  
  26  2:23  Probe  
  27  2:34  Zealot x2  
  27  2:35  Probe  
  32  2:47  Stargate  
  32  2:59  Forge  
  32  3:16  Assimilator  
  32  3:31  Gateway  
  32  3:33  Gateway  
  32  3:37  Gateway  
  32  3:40  Gateway  
  32  3:43  Pylon  
  32  3:44  Pylon  
  32  3:49  Pylon  
  32  3:55  Fleet Beacon  
  32  4:09  Shield Battery  
  32  4:12  Stalker  
  32  4:15  Stalker  
  36  4:30  Stalker  
  36  4:54  Nexus  
  36  5:01  Pylon  
  36  5:05  Assimilator  
  36  5:10  Assimilator  
  36  5:23  Photon Cannon  
  36  5:34  Photon Cannon  
  36  5:45  Probe  
  37  5:57  Probe  
  38  6:09  Probe, Stalker x2  
  33  6:14  Stalker  
  33  6:18  Stalker x2  
  37  6:19  Stalker  
Show
View Real Time Build Order
Export as new Build Order

Quickz Terran 

Build Orders: 1/1/1, Banshee Rush 

Get SALT Encoding   

  12  0:02  SCV  
  13  0:15  SCV  
  13  0:19  Supply Depot  
  14  0:26  Refinery  
  14  0:43  Barracks  
  14  0:44  SCV  
  15  0:53  Supply Depot  
  15  0:58  SCV  
  16  1:21  SCV  
  17  1:33  Factory, Marine  
  17  1:35  Orbital Command  
  18  1:46  Refinery  
  18  2:06  Marine  
  19  2:17  Starport  
  19  2:18  Factory Tech Lab  
  19  2:21  SCV  
  20  2:27  Marine  
  21  2:33  SCV  
  21  2:34  Supply Depot  
  22  2:49  Marine  
  22  2:50  SCV  
  24  3:02  Banshee  
  24  3:03  Cloaking Field  
  24  3:04  Factory Tech Lab  
  27  3:08  Marine  
  28  3:25  Command Center  
  28  3:26  SCV  
  29  3:39  SCV  
  30  3:44  Banshee  
  30  3:46  Widow Mine  
  35  3:59  SCV  
  36  4:03  Supply Depot  
  36  4:08  Engineering Bay  
  19  4:37  Banshee  
  19  4:38  Marine  
  16  4:41  Bunker  
  13  4:48  SCV  
  14  4:55  Marine  
  14  5:13  Marine  
  45  5:14  Orbital Command  
  15  5:34  Banshee  
  18  5:39  SCV  
  19  5:44  SCV  
  10  6:06  SCV  
  10  6:07  SCV  
Show
View Real Time Build Order
Export as new Build Order

Massa Terran - Winner!

Build Orders:  

Get SALT Encoding   

  12  0:09  SCV  
  13  0:15  Supply Depot  
  13  0:21  SCV  
  14  0:33  SCV  
  15  0:39  Barracks  
  15  0:45  SCV  
  16  0:56  Refinery  
  16  0:57  SCV  
  17  1:08  Barracks  
  17  1:13  SCV  
  18  1:25  SCV  
  19  1:28  Marine  
  20  1:35  Supply Depot  
  20  1:41  Orbital Command  
  20  1:46  Marine  
  21  1:56  Barracks, Marine  
  22  2:04  Marine  
  23  2:14  Marine  
  24  2:21  Marine  
  25  2:27  SCV  
  26  2:32  Marine  
  27  2:39  Marine  
  27  2:40  Supply Depot  
  27  2:43  Marine, Supply Depot  
  29  2:49  Marine  
  29  2:51  Factory  
  30  2:56  SCV  
  31  3:01  Marine x2  
  33  3:07  Marine  
  34  3:19  Marine x2  
  36  3:25  Marine  
  37  3:35  Factory Tech Lab  
  37  3:37  Marine  
  38  3:42  Command Center  
  38  3:45  Supply Depot  
  38  3:46  Marine x2  
  40  3:57  Marine  
  41  4:03  Marine  
  41  4:04  Marine  
  42  4:15  Marine  
  29  4:53  Siege Tank  
  29  4:57  Barracks Reactor, Barracks Tech Lab  
  29  4:59  Marine  
  33  5:04  SCV, Barracks  
  34  5:07  SCV  
  35  5:16  SCV  
  35  5:17  Marine  
  35  5:19  SCV  
  38  5:25  Siege Tank  
  38  5:28  SCV  
  42  5:35  Marine  
  43  5:39  Marine  
  43  5:40  SCV, Marauder, Marine  
  48  5:52  SCV  
  48  5:53  Marine  
  49  5:57  Marine  
  49  6:01  Marauder  
Show
View Real Time Build Order
Export as new Build Order

qqq Protoss - Winner!

Build Orders: Phoenix Opening 

Get SALT Encoding   

  12  0:02  Probe  
  13  0:20  Pylon  
  13  0:23  Probe  
  14  0:42  Gateway  
  14  0:48  Probe  
  14  0:49  Assimilator  
  15  1:00  Probe  
  16  1:13  Probe  
  17  1:36  Assimilator  
  17  1:48  Pylon  
  17  2:01  Cybernetics Core  
  17  2:02  Pylon  
  17  2:04  Pylon  
  17  2:05  Probe  
  17  2:09  Assimilator  
  17  2:17  Probe  
  18  2:29  Probe  
  19  2:40  Stargate  
  19  2:41  Probe  
  20  2:47  Nexus  
  20  2:53  Probe  
  21  3:05  Probe  
  22  3:17  Probe, Stargate  
  23  3:24  Phoenix (Chrono Boost)  
  25  3:29  Probe  
  26  3:41  Probe  
  26  3:46  Phoenix (Chrono Boost)  
  29  3:54  Probe  
  30  3:55  Assimilator  
  30  4:02  Phoenix  
  30  4:06  Probe  
  29  4:37  Probe  
  26  4:43  Phoenix x2  
  30  4:49  Probe  
  31  5:01  Probe  
  31  5:05  Probe  
  33  5:10  Phoenix  
  33  5:13  Probe  
  36  5:17  Probe  
  37  5:26  Probe  
  38  5:29  Probe  
  38  5:34  Phoenix  
  41  5:38  Probe  
  41  5:41  Probe  
  43  5:50  Probe  
  43  5:53  Probe  
  45  6:02  Probe  
  46  6:05  Probe  
Tags
 
Add a new tag
Caveats
  • Supply blocks, unpowered buildings, or Contaminate may cause inaccurate times.
  • Supply counts are checked every 10 seconds.